 Dungeon Crawl Stone Soup version 0.23.2-1-ga50397a (webtiles) character file.

Game seed: 7641403886886459938

9816 xveg the Fighter (level 11, -2/95 HPs)
             Began as a Grey Draconian Berserker on May 17, 2019.
             Was an Elder of Trog.
             Slain by a spiny frog (8 damage)
             ... on level 3 of the Lair of Beasts.
             The game lasted 00:40:13 (9294 turns).

xveg the Fighter (Grey Draconian Berserker)         Turns: 9294, Time: 00:40:14

Health: -2/95      AC: 14    Str: 29    XL:     11   Next: 28%
Magic:  11/11      EV: 22    Int:  9    God:    Trog [****..]
Gold:   130        SH:  0    Dex: 17    Spells: 10/10 levels left

rFire    . . .     SeeInvis .   b - +3 arbalest (flame)
rCold    . . .     Gourm    +   (shield currently unavailable)
rNeg     . . .     Faith    .   (armour unavailable)
rPois    +         Spirit   .   y - +1 hat
rElec    .         Reflect  .   (no cloak)
rCorr    .         Harm     .   p - +0 pair of gloves
MR       ++...                  (no boots)
Stlth    +++++.....             i - amulet of the gourmand
HPRegen  1.25/turn              k - ring of stealth
MPRegen  0.12/turn              (no ring)

@: mighty, agile, lethally poisoned (-2 -> -3), berserk cooldown, regenerating,
slowed, very slow
A: walk through water, unfitting armour, stinger 1, agile 1, poison resistance,
strong 1, unbreathing, cold-blooded, AC +12
a: Berserk, Trog's Hand, Brothers in Arms, Renounce Religion


You were on level 3 of the Lair of Beasts.
You worshipped Trog.
Trog was greatly pleased with you.
You were full.

You visited 3 branches of the dungeon, and saw 12 of its levels.

You collected 351 gold pieces.
You spent 221 gold pieces at shops.

Inventory:

Hand Weapons
 a - the +1 long sword "Killer Klown's Doom" {holy, Str+3 SInv}
   (You found it on level 6 of the Dungeon)

   It has been blessed by the Shining One to cause great damage to the undead
   and demons.
   It affects your strength (+3).
   It lets you see invisible.
 b - a +3 arbalest of flaming (weapon)
 h - a +1 whip of draining
 n - a +0 battleaxe
 v - a +2 hand axe
 w - a +0 glaive
Missiles
 f - 15 bolts (quivered)
Armour
 p - a +0 pair of gloves (worn)
 y - a +1 hat (worn)
Jewellery
 i - an amulet of the gourmand (around neck)
 k - a ring of stealth (left hand)
Wands
 m - a wand of random effects (41)
 t - a wand of acid (5)
 x - a wand of flame (22)
Scrolls
 c - 6 scrolls of identify
 d - 4 scrolls of remove curse
 l - 3 scrolls of immolation
 o - a scroll of teleportation
 r - a scroll of fear
 D - a scroll of summoning {unknown}
Potions
 g - 2 potions of degeneration
 j - 3 potions of flight
 u - a potion of agility
 A - a potion of lignification {unknown}
 B - a potion of mutation
Comestibles
 z - 13 rations


   Skills:
 + Level 8.7 Fighting
 + Level 6.5 Long Blades
 + Level 7.1(7.5) Axes
 + Level 3.6(5.8) Maces & Flails
 * Level 8.4 Crossbows
 + Level 0.2 Throwing
 + Level 7.3 Dodging
 + Level 4.8 Stealth


You had 10 spell levels left.
You didn't know any spells.
Your spell library contained the following spells:

 Spells                   Type           Power        Failure   Level  Hunger
 Animate Skeleton         Necr           N/A          38%         1    ##.....
 Pain                     Necr           #...         38%         1    ##.....
 Regeneration             Chrm/Necr      #.........   77%         3    ####...
 Vampiric Draining        Necr           #.........   77%         3    ####...
 Animate Dead             Necr           N/A          99%         4    #####..


Dungeon Overview and Level Annotations

Branches:
Dungeon (8/15)             Temple (1/1) D:5            Lair (3/6) D:8
  Swamp: Lair:2-4    Shoals: Lair:2-4     Snake: Lair:2-4    Spider: Lair:2-4

Altars:
Ashenzari
Cheibriados
Dithmenos
Elyvilon
Fedhas
Gozag
Hepliaklqana
Kikubaaqudgha
Makhleb
Nemelex Xobeh
Okawaru
Qazlal
Ru
Sif Muna
Trog
Uskayaw
Vehumet
Wu Jian
Xom
Yredelemnul
Zin
The Shining One

Shops:
D:6 %(:}[

Annotations:
D:6 3 runed translucent doors, Curus's ghost, novice MiBe; Sassenached's ghost, novice DsWn; totalnoob's ghost, amateur GnWn; xveg's ghost, novice DsAK


Innate Abilities, Weirdness & Mutations

You can walk through water.
Your dull iron-grey scales are very hard. (AC +12)
You cannot fit into any form of body armour.
You can survive without breathing.
You are cold-blooded and may be slowed by cold attacks.
Your tail ends in a poisonous barb.
You are agile. (Dex +2)
Your system is resistant to poisons. (rPois)
Your muscles are strong. (Str +2)


Message History

* * * LOW HITPOINT WARNING * * *
You are poisoned.
The spiny frog poisons you!
Okay, then.
It was a potion of agility.
You feel agile all of a sudden.
You feel very sick.
The spiny frog stings you but does no damage.
The spiny frog completely misses you.
The spiny frog stings you but does no damage.
The spiny frog barely misses you.
It was a potion of might.
You feel very mighty all of a sudden.
You feel sick. The spiny frog misses you. The spiny frog closely misses you.
The spiny frog completely misses you. The spiny frog closely misses you.
It was a potion of berserk rage.
You're still recovering from your berserk rage.
You feel sick.
The spiny frog completely misses you. x2
The spiny frog stings you!
You die...

##.... #.
###....##.#
##.........
.#.........
..........
...).....
P.<.....#
#....F@#
#...#F## #.
... .....
.......
.....##
....♣ ....


You could see 2 spiny frogs.

Vanquished Creatures
  Gastronok (Lair:1)
  Pikel (D:7)
  A black mamba (Lair:2)
  3 spiny frogs (Lair:1)
  A komodo dragon (Lair:1)
  Grinder (D:2)
  5 hippogriffs
  Sigmund (D:2)
  5 yaks
  A hungry ghost (D:7)
  2 basilisks
  3 water moccasins
  A porcupine (Lair:1)
  3 orc warriors
  A black bear (Lair:1)
  4 ogres
  A necrophage (D:6)
  9 wolves (Lair:2)
  4 centaurs
  3 crocodiles
  3 bullfrogs
  A scorpion (D:4)
  5 wights
  2 howler monkeys
  5 crimson imps
  A bullfrog zombie (D:5)
  A jelly (D:8)
  4 orc priests
  5 hounds
  5 orc wizards
  Jessica (D:2)
  Natasha (thrice) (D:3)
  2 iguanas
  6 gnolls
  6 adders
  A howler monkey skeleton (D:6)
  2 oozes
  3 worms
  A dart slug (D:3)
  8 leopard geckos
  28 orcs
  4 giant cockroaches
  4 goblins
  2 hobgoblins
  3 jackals (D:1)
  2 kobolds (D:1)
  4 quokkas
  A ball python (Lair:2)
  3 bats (D:3)
  2 frilled lizards
  A quokka zombie (D:5)
  9 rats
179 creatures vanquished.

Vanquished Creatures (others)
  A centaur zombie (D:7)
  An orc wizard (D:7)
  An orc (D:7)
  2 withered plants (D:6)
5 creatures vanquished.

Grand Total: 184 creatures vanquished

Notes
Turn   | Place    | Note
-------+----------+-------------------------------------------
     0 | D:1      | xveg the Draconian Berserker began the quest for the Orb.
     0 | D:1      | Reached XP level 1. HP: 19/19 MP: 1/1
   386 | D:1      | Reached XP level 2. HP: 20/26 MP: 2/2
   791 | D:2      | Noticed Jessica
   799 | D:2      | Killed Jessica
   799 | D:2      | Reached XP level 3. HP: 33/33 MP: 3/3
   916 | D:2      | Noticed Sigmund
   926 | D:2      | Killed Sigmund
   926 | D:2      | Reached ** piety under Trog
   926 | D:2      | Reached skill level 1 in Maces & Flails
   926 | D:2      | Reached XP level 4. HP: 27/41 MP: 4/4
   926 | D:2      | Reached XP level 5. HP: 31/47 MP: 5/5
  1165 | D:3      | Noticed Natasha
  1176 | D:3      | Killed Natasha
  1249 | D:3      | Noticed Natasha
  1257 | D:3      | Killed Natasha
  1257 | D:3      | Reached XP level 6. HP: 33/55 MP: 6/6
  1327 | D:3      | Noticed Grinder
  1370 | D:2      | Killed Grinder
  1370 | D:2      | Reached skill level 5 in Fighting
  1575 | D:3      | Reached skill level 1 in Stealth
  1730 | D:3      | Your scales start taking on a dull iron-grey colour.
  1730 | D:3      | Reached XP level 7. HP: 61/61 MP: 7/7
  1730 | D:3      | Gained mutation: You can survive without breathing. [Grey
                  | Draconian growth]
  1973 | D:3      | Noticed Natasha
  1978 | D:3      | Killed Natasha
  2175 | D:4      | Reached skill level 5 in Axes
  2310 | D:4      | Found a burning altar of Makhleb.
  2542 | D:4      | Reached *** piety under Trog
  2814 | D:4      | Reached XP level 8. HP: 61/70 MP: 8/8
  2920 | D:4      | Reached skill level 5 in Dodging
  3335 | D:5      | Entered Level 5 of the Dungeon
  3732 | D:5      | Found a white marble altar of Elyvilon.
  4000 | D:5      | Found an opulent altar of Gozag.
  4044 | D:5      | Found a staircase to the Ecumenical Temple.
  4061 | Temple   | Entered the Ecumenical Temple
  4734 | D:6      | Found a runed translucent gate.
  4734 | D:6      | Found a runed translucent gate.
  4734 | D:6      | Found a runed translucent gate.
  4734 | D:6      | Noticed Curus's ghost (novice MiBe)
  4735 | D:6      | Noticed xveg's ghost (novice DsAK)
  4735 | D:6      | Noticed totalnoob's ghost (amateur GnWn)
  4735 | D:6      | Noticed Sassenached's ghost (novice DsWn)
  4761 | D:6      | Found Xoboc's Book Shop.
  4771 | D:6      | Found Xenyn's Gadget Boutique.
  4944 | D:6      | Found Ozoafia's Antique Armour Emporium.
  5047 | D:6      | Got a brightly glowing long sword
  5048 | D:6      | Identified the +1 long sword "Killer Klown's Doom" {holy,
                  | Str+3 SInv} (You found it on level 6 of the Dungeon)
  5198 | D:6      | Reached skill level 1 in Long Blades
  5199 | D:6      | Found Opuwygo's Weapon Boutique.
  5213 | D:6      | Bought a +2 arbalest of flaming for 221 gold pieces
  5246 | D:6      | Found Neman's Food Shop.
  5636 | D:6      | Gained mutation: You are agile. (Dex +2) [potion of
                  | mutation]
  5636 | D:6      | Gained mutation: Your muscles are strong. (Str +2) [potion
                  | of mutation]
  5636 | D:6      | Gained mutation: Your tail ends in a poisonous barb.
                  | [potion of mutation]
  5636 | D:6      | Gained mutation: Your system is resistant to poisons.
                  | (rPois) [potion of mutation]
  5854 | D:6      | Reached XP level 9. HP: 18/78 MP: 9/9
  6340 | D:7      | Noticed Pikel
  6354 | D:7      | Killed Pikel
  6392 | D:7      | Reached **** piety under Trog
  6398 | D:7      | Reached skill level 5 in Long Blades
  6413 | D:8      | Found a staircase to the Lair.
  6498 | D:8      | Reached skill level 1 in Crossbows
  6850 | D:8      | Reached XP level 10. HP: 49/86 MP: 10/10
  7649 | Lair:1   | Entered Level 1 of the Lair of Beasts
  7654 | Lair:1   | Noticed a spiny frog
  7658 | Lair:1   | Killed a spiny frog
  7659 | Lair:1   | Noticed a spiny frog
  7662 | Lair:1   | Noticed a spiny frog
  7667 | Lair:1   | Killed a spiny frog
  7692 | Lair:1   | Noticed Gastronok
  8181 | Lair:1   | Killed Gastronok
  8300 | Lair:1   | Killed a spiny frog
  8374 | Lair:1   | Reached XP level 11. HP: 93/95 MP: 11/11
  9263 | Lair:2   | Noticed a six-headed hydra
  9281 | Lair:3   | HP: 3/95 [wolf (7)]
  9294 | Lair:3   | Slain by a spiny frog

Skill      XL: |  1  2  3  4  5  6  7  8  9 10 11 |
---------------+----------------------------------+-----
Fighting       | 4 5 6 7 8 |  8.7
Dodging        | 3 4 5 6 7 |  7.3
Axes           | 4 5 7 |  7.1
Maces & Flails | 1 3 |  3.6
Stealth        | 1 2 3 4 |  4.8
Long Blades    | 2 6 |  6.5
Crossbows      | 1 7 8 |  8.4
Throwing       | |  0.2

Action                   |  1- 3 |  4- 6 |  7- 9 | 10-12 || total
-------------------------+-------+-------+-------+-------++-------
Melee: Hand axe          |    19 |     2 |   213 |       ||   234
       Tailslap          |     5 |     9 |    61 |     8 ||    83
       Whip              |    31 |    73 |       |       ||   104
       Long sword        |       |       |   132 |    34 ||   166
 Fire: Arbalest          |       |       |    27 |    91 ||   118
Throw: Tomahawk          |       |       |       |     2 ||     2
Invok: Trog's Hand       |       |     3 |     3 |     4 ||    10
       Berserk           |       |     2 |     6 |     4 ||    12
  Use: Scroll            |       |     1 |    15 |     5 ||    21
       Potion            |       |       |     4 |     7 ||    11
 Stab: Sleeping          |       |     2 |    14 |       ||    16
       Distracted        |       |       |     1 |       ||     1
  Eat: Chunk             |       |     1 |    13 |    13 ||    27
       Ration            |       |     1 |     5 |     1 ||     7
Armor: Skin              |    12 |    40 |   173 |    38 ||   263
Dodge: Dodged            |    30 |    60 |   340 |   111 ||   541
       Rpst.: Long sword |       |       |    39 |    12 ||    51
